[ AOE2 MATCH · #462106601 ]
Team RMSicilians vs Turks
[ REPLAY ANALYSIS · EXTRACTED FROM THE RECORDED GAME ]
Feudal
18:30
Castle
24:50
Imperial
—
| APM avg | 24.0 |
| APM peak | 47 |
| eAPM avg | 11.7 |
| Villagers / military | 67 / 15 |
Focus
⚔️ 13.1% · 🌾 86.9%
Knight ×15
Feudal
10:00
Castle
—
Imperial
—
| APM avg | 26.6 |
| APM peak | 60 |
| eAPM avg | 15.9 |
| Villagers / military | 50 / 22 |
Focus
⚔️ 27.0% · 🌾 73.0%
Spearman ×13 · Militia ×9
Feudal
17:14
Castle
—
Imperial
—
| APM avg | 41.0 |
| APM peak | 89 |
| eAPM avg | 11.2 |
| Villagers / military | 45 / 11 |
Focus
⚔️ 11.4% · 🌾 88.6%
Militia ×11
Feudal
12:10
Castle
24:22
Imperial
—
| APM avg | 23.8 |
| APM peak | 44 |
| eAPM avg | 16.8 |
| Villagers / military | 60 / 41 |
Focus
⚔️ 25.7% · 🌾 74.3%
Spearman ×18 · Woad Raider ×12 · Militia ×11
Feudal
10:09
Castle
25:37
Imperial
—
| APM avg | 38.6 |
| APM peak | 79 |
| eAPM avg | 14.3 |
| Villagers / military | 52 / 20 |
Focus
⚔️ 28.1% · 🌾 71.9%
Cavalry Archer ×16 · Spearman ×4
Feudal
16:20
Castle
—
Imperial
—
| APM avg | 53.6 |
| APM peak | 147 |
| eAPM avg | 12.0 |
| Villagers / military | 65 / 11 |
Focus
⚔️ 17.0% · 🌾 83.0%
Scout Cavalry ×9 · Spearman ×2
Match map
Resources at game start + every placement click. Thick line = wall · dashed box = detected house wall. 🟡 gold · ⚪ stone · 🟢 berries · 🔶 boar · ⭕ relic
Inputs per minute
— MUSLIM - - idiot_pineo
Build order — MUSLIM
136 actions detected in the replay
| 0:06 | Create | Villager (Male) |
| 0:06 | Create | Villager (Male) |
| 0:06 | Create | Villager (Male) |
| 0:07 | Build | House |
| 0:10 | Build | House |
| 0:11 | Create | Villager (Male) |
| 0:11 | Create | Villager (Male) |
| 1:39 | Create | Villager (Male) |
| 1:39 | Create | Villager (Male) |
| 1:58 | Create | Villager (Male) |
| 1:58 | Create | Villager (Male) |
| 1:58 | Create | Villager (Male) |
| 2:34 | Create | Villager (Male) |
| 2:34 | Create | Villager (Male) |
| 2:34 | Create | Villager (Male) |
| 2:53 | Create | Villager (Male) |
| 3:32 | Create | Villager (Male) |
| 3:32 | Create | Villager (Male) |
| 3:32 | Create | Villager (Male) |
| 4:01 | Create | Villager (Male) |
| 4:27 | Create | Villager (Male) |
| 4:27 | Create | Villager (Male) |
| 4:32 | Build | House |
| 4:44 | Create | Villager (Male) |
| 4:44 | Create | Villager (Male) |
| 4:44 | Create | Villager (Male) |
| 4:55 | Build | Lumber Camp |
| 5:14 | Create | Villager (Male) |
| 5:27 | Create | Villager (Male) |
| 5:27 | Create | Villager (Male) |
| 5:28 | Create | Villager (Male) |
| 5:51 | Create | Villager (Male) |
| 5:52 | Create | Villager (Male) |
| 5:52 | Create | Villager (Male) |
| 6:11 | Build | House |
| 6:28 | Create | Villager (Male) |
| 6:28 | Create | Villager (Male) |
| 6:35 | Create | Villager (Male) |
| 6:35 | Create | Villager (Male) |
| 7:07 | Create | Villager (Male) |
| 7:15 | Build | House |
| 7:57 | Create | Villager (Male) |
| 8:06 | Research | Loom |
| 8:09 | Build | House |
| 8:14 | Create | Villager (Male) |
| 8:34 | Create | Villager (Male) |
| 8:43 | Build | Mill |
| 9:11 | Create | Villager (Male) |
| 9:39 | Research | Loom |
| 9:45 | Build | House |
| 9:53 | Create | Villager (Male) |
| 10:25 | Create | Villager (Male) |
| 10:41 | Create | Villager (Male) |
| 11:00 | Create | Villager (Male) |
| 11:25 | Build | Lumber Camp |
| 11:28 | Create | Villager (Male) |
| 12:31 | Build | Town Center |
| 13:40 | Build | Town Center |
| 14:20 | Build | Town Center |
| 15:40 | Build | Town Center |
| 16:21 | Research | Feudal Age |
| 17:22 | Create | Villager (Male) |
| 17:25 | Build | Farm |
| 17:26 | Build | Farm |
| 17:27 | Build | Farm |
| 17:28 | Build | Farm |
| 17:29 | Build | Farm |
| 17:38 | Build | Farm |
| 17:39 | Build | Farm |
| 17:41 | Build | Farm |
| 18:02 | Build | Farm |
| 18:30 | Age | Feudal Age |
| 18:46 | Build | Mill |
| 18:47 | Build | Farm |
| 18:48 | Build | Farm |
| 18:48 | Build | Farm |
| 18:48 | Build | Farm |
| 18:48 | Build | Farm |
| 18:50 | Build | Farm |
| 18:52 | Build | Farm |
| 19:02 | Build | Blacksmith |
| 19:04 | Build | Market |
| 19:10 | Create | Villager (Male) |
| 19:37 | Create | Villager (Male) |
| 19:40 | Build | Farm |
| 19:51 | Create | Villager (Male) |
| 20:05 | Create | Villager (Male) |
| 20:10 | Build | Farm |
| 20:12 | Build | Farm |
| 20:13 | Build | Farm |
| 20:24 | Create | Villager (Male) |
| 21:00 | Create | Villager (Male) |
| 21:45 | Create | Villager (Male) |
| 22:08 | Research | Castle Age |
| 22:09 | Research | Castle Age |
| 22:57 | Build | Barracks |
| 23:04 | Create | Villager (Male) |
| 23:06 | Create | Villager (Male) |
| 23:20 | Create | Villager (Male) |
| 23:50 | Build | Stable |
| 24:24 | Create | Villager (Male) |
| 24:26 | Research | Horse Collar |
| 24:38 | Create | Villager (Male) |
| 24:50 | Age | Castle Age |
| 24:55 | Create | Knight |
| 24:56 | Create | Knight |
| 25:16 | Create | Knight |
| 26:10 | Research | Husbandry |
| 26:22 | Create | Villager (Male) |
| 26:28 | Build | Stable |
| 26:42 | Build | Mining Camp |
| 26:49 | Create | Knight |
| 27:05 | Research | Forging |
| 27:42 | Create | Knight |
| 27:47 | Create | Villager (Male) |
| 27:55 | Build | Mining Camp |
| 27:57 | Create | Villager (Male) |
| 28:45 | Create | Villager (Male) |
| 28:45 | Create | Villager (Male) |
| 29:19 | Create | Knight |
| 29:20 | Create | Knight |
| 29:29 | Build | House |
| 29:32 | Create | Villager (Male) |
| 30:22 | Create | Villager (Male) |
| 30:30 | Create | Villager (Male) |
| 30:34 | Create | Knight |
| 30:34 | Create | Knight |
| 30:34 | Create | Knight |
| 30:35 | Create | Knight |
| 30:35 | Create | Knight |
| 30:36 | Create | Knight |
| 30:36 | Create | Knight |
| 30:37 | Create | Knight |
| 30:40 | Create | Villager (Male) |
| 30:40 | Create | Villager (Male) |
| 30:43 | Build | House |
Build order — idiot_pineo
144 actions detected in the replay
| 0:01 | Create | Villager (Male) |
| 0:02 | Create | Villager (Male) |
| 0:02 | Create | Villager (Male) |
| 0:03 | Build | House |
| 0:04 | Build | House |
| 0:08 | Create | Villager (Male) |
| 1:23 | Create | Villager (Male) |
| 1:23 | Create | Villager (Male) |
| 1:53 | Build | Lumber Camp |
| 1:55 | Create | Villager (Male) |
| 1:55 | Create | Villager (Male) |
| 2:17 | Create | Villager (Male) |
| 2:18 | Create | Villager (Male) |
| 2:45 | Build | House |
| 2:47 | Create | Villager (Male) |
| 2:47 | Create | Villager (Male) |
| 3:03 | Create | Villager (Male) |
| 3:24 | Build | House |
| 3:36 | Create | Villager (Male) |
| 3:36 | Create | Villager (Male) |
| 4:03 | Build | Palisade Wall |
| 4:11 | Create | Villager (Male) |
| 4:12 | Create | Villager (Male) |
| 4:12 | Create | Villager (Male) |
| 4:12 | Create | Villager (Male) |
| 4:40 | Create | Villager (Male) |
| 4:40 | Create | Villager (Male) |
| 4:55 | Create | Villager (Male) |
| 5:05 | Create | Villager (Male) |
| 5:26 | Build | House |
| 5:44 | Build | Mill |
| 6:01 | Build | Palisade Wall |
| 6:05 | Build | Palisade Wall |
| 6:08 | Create | Villager (Male) |
| 6:14 | Create | Villager (Male) |
| 6:25 | Create | Villager (Male) |
| 6:43 | Research | Loom |
| 6:59 | Build | Farm |
| 7:50 | Research | Feudal Age |
| 7:50 | Research | Feudal Age |
| 8:42 | Build | Barracks |
| 8:49 | Build | Barracks |
| 8:55 | Create | Villager (Male) |
| 9:43 | Create | Villager (Male) |
| 10:00 | Age | Feudal Age |
| 10:12 | Create | Villager (Male) |
| 10:12 | Create | Villager (Male) |
| 10:12 | Create | Villager (Male) |
| 10:13 | Create | Villager (Male) |
| 10:46 | Create | Villager (Male) |
| 17:44 | Build | Lumber Camp |
| 18:10 | Build | Lumber Camp |
| 19:37 | Build | Palisade Gate |
| 19:40 | Build | Palisade Gate |
| 20:01 | Build | Building 800 |
| 20:08 | Build | House |
| 20:14 | Build | Town Center |
| 20:40 | Build | Barracks |
| 21:02 | Build | Farm |
| 21:21 | Build | Farm |
| 21:22 | Build | Farm |
| 21:44 | Build | Farm |
| 21:55 | Build | House |
| 22:00 | Build | House |
| 22:04 | Create | Villager (Male) |
| 22:12 | Build | Farm |
| 22:19 | Build | Mill |
| 22:24 | Create | Spearman |
| 22:32 | Build | House |
| 22:40 | Build | Farm |
| 22:54 | Build | Farm |
| 23:05 | Build | Farm |
| 23:17 | Create | Villager (Male) |
| 23:45 | Create | Villager (Male) |
| 23:53 | Build | Archery Range |
| 23:56 | Create | Spearman |
| 23:56 | Create | Spearman |
| 23:57 | Create | Spearman |
| 24:18 | Create | Spearman |
| 24:23 | Build | Barracks |
| 24:32 | Create | Villager (Male) |
| 24:42 | Build | House |
| 24:54 | Create | Spearman |
| 24:55 | Create | Spearman |
| 24:56 | Create | Spearman |
| 25:09 | Build | House |
| 25:10 | Build | House |
| 25:15 | Build | House |
| 25:18 | Create | Villager (Male) |
| 25:27 | Build | Mining Camp |
| 25:33 | Build | Farm |
| 25:41 | Create | Villager (Male) |
| 26:11 | Create | Villager (Male) |
| 26:47 | Research | Man-at-Arms (upgrade) |
| 26:47 | Research | Man-at-Arms (upgrade) |
| 27:06 | Build | Market |
| 27:27 | Create | Villager (Male) |
| 27:27 | Create | Villager (Male) |
| 27:27 | Create | Villager (Male) |
| 27:29 | Build | Farm |
| 27:30 | Build | Farm |
| 27:48 | Create | Villager (Male) |
| 27:58 | Research | Double-Bit Axe |
| 28:19 | Build | Lumber Camp |
| 28:26 | Build | House |
| 28:27 | Build | House |
| 28:37 | Create | Militia |
| 28:38 | Create | Militia |
| 28:38 | Create | Militia |
| 28:48 | Create | Spearman |
| 28:48 | Create | Spearman |
| 28:49 | Create | Spearman |
| 28:49 | Create | Spearman |
| 28:49 | Create | Spearman |
| 28:57 | Create | Villager (Male) |
| 29:27 | Build | Mill |
| 29:29 | Build | Farm |
| 29:30 | Build | Farm |
| 29:30 | Build | Farm |
| 29:31 | Build | Farm |
| 29:34 | Research | Horse Collar |
| 29:34 | Research | Horse Collar |
| 29:39 | Build | House |
| 29:40 | Build | House |
| 29:41 | Build | House |
| 29:48 | Create | Militia |
| 29:48 | Create | Militia |
| 30:03 | Create | Villager (Male) |
| 30:04 | Create | Villager (Male) |
| 30:14 | Build | Farm |
| 30:15 | Build | Farm |
| 30:19 | Create | Villager (Male) |
| 30:34 | Research | Arson |
| 30:35 | Research | Arson |
| 30:39 | Create | Villager (Male) |
| 30:44 | Build | Blacksmith |
| 30:52 | Create | Villager (Male) |
| 30:56 | Build | House |
| 31:02 | Research | Stone Mining |
| 31:03 | Research | Stone Mining |
| 31:22 | Create | Militia |
| 31:23 | Create | Militia |
| 31:23 | Create | Militia |
| 31:23 | Create | Militia |
Build order — JAPOSAY
107 actions detected in the replay
| 0:00 | Create | Villager (Male) |
| 0:01 | Create | Villager (Male) |
| 0:01 | Create | Villager (Male) |
| 0:02 | Build | House |
| 0:03 | Build | House |
| 0:23 | Create | Villager (Male) |
| 1:35 | Create | Villager (Male) |
| 1:36 | Create | Villager (Male) |
| 2:01 | Create | Villager (Male) |
| 2:01 | Create | Villager (Male) |
| 2:20 | Create | Villager (Male) |
| 2:48 | Create | Villager (Male) |
| 3:29 | Build | Lumber Camp |
| 3:34 | Create | Villager (Male) |
| 3:35 | Create | Villager (Male) |
| 3:36 | Create | Villager (Male) |
| 3:36 | Create | Villager (Male) |
| 3:39 | Create | Villager (Male) |
| 4:37 | Create | Villager (Male) |
| 4:37 | Create | Villager (Male) |
| 4:38 | Create | Villager (Male) |
| 4:50 | Build | House |
| 6:33 | Research | Loom |
| 8:30 | Build | Town Center |
| 8:49 | Build | Palisade Wall |
| 8:50 | Build | Palisade Wall |
| 8:50 | Build | Palisade Wall |
| 8:57 | Create | Villager (Male) |
| 8:57 | Create | Villager (Male) |
| 8:57 | Create | Villager (Male) |
| 8:57 | Create | Villager (Male) |
| 9:14 | Create | Villager (Male) |
| 9:36 | Build | House |
| 9:54 | Build | Mill |
| 10:01 | Create | Villager (Male) |
| 10:01 | Create | Villager (Male) |
| 11:53 | Build | House |
| 13:11 | Create | Villager (Male) |
| 13:11 | Create | Villager (Male) |
| 13:12 | Create | Villager (Male) |
| 13:12 | Create | Villager (Male) |
| 15:04 | Research | Feudal Age |
| 16:35 | Build | Mill |
| 17:14 | Age | Feudal Age |
| 17:18 | Create | Villager (Male) |
| 17:18 | Create | Villager (Male) |
| 17:19 | Create | Villager (Male) |
| 17:35 | Build | Barracks |
| 17:49 | Build | House |
| 18:13 | Build | Blacksmith |
| 18:44 | Build | Mining Camp |
| 18:52 | Create | Militia |
| 18:58 | Create | Villager (Male) |
| 18:59 | Create | Villager (Male) |
| 18:59 | Create | Villager (Male) |
| 18:59 | Create | Villager (Male) |
| 19:20 | Create | Militia |
| 19:27 | Build | House |
| 19:29 | Build | House |
| 19:54 | Build | Farm |
| 19:54 | Build | Farm |
| 19:55 | Build | Farm |
| 19:55 | Build | Farm |
| 19:55 | Build | Farm |
| 19:55 | Build | Farm |
| 19:56 | Build | Farm |
| 20:06 | Research | Double-Bit Axe |
| 20:10 | Create | Militia |
| 20:10 | Create | Militia |
| 20:10 | Create | Militia |
| 20:11 | Create | Militia |
| 20:53 | Create | Villager (Male) |
| 21:00 | Build | Farm |
| 21:04 | Build | Farm |
| 21:08 | Create | Militia |
| 21:12 | Research | Forging |
| 21:17 | Research | Scale Mail Armor |
| 21:22 | Research | Man-at-Arms (upgrade) |
| 21:41 | Create | Villager (Male) |
| 21:41 | Create | Villager (Male) |
| 22:11 | Build | House |
| 22:39 | Create | Militia |
| 22:39 | Create | Militia |
| 22:39 | Create | Militia |
| 23:27 | Create | Militia |
| 24:12 | Research | Arson |
| 25:13 | Create | Villager (Male) |
| 25:13 | Create | Villager (Male) |
| 25:14 | Create | Villager (Male) |
| 25:14 | Create | Villager (Male) |
| 25:14 | Create | Villager (Male) |
| 25:15 | Create | Villager (Male) |
| 25:22 | Build | Market |
| 25:26 | Build | Farm |
| 25:26 | Build | Farm |
| 25:27 | Build | Farm |
| 25:32 | Research | Horse Collar |
| 25:43 | Build | House |
| 26:49 | Build | Farm |
| 26:50 | Build | Farm |
| 26:50 | Build | Farm |
| 26:50 | Build | Farm |
| 29:11 | Research | Castle Age |
| 29:17 | Build | Mining Camp |
| 29:43 | Build | Mining Camp |
| 29:46 | Research | Stone Mining |
| 30:49 | Research | Fletching |
Build order — bengenot01
First 150 of 179 actions detected
| 0:03 | Build | House |
| 0:05 | Build | House |
| 0:09 | Create | Villager (Male) ×4 |
| 1:36 | Create | Villager (Male) |
| 2:00 | Build | Lumber Camp |
| 2:05 | Build | Palisade Wall |
| 2:10 | Create | Villager (Male) |
| 2:10 | Create | Villager (Male) |
| 2:43 | Create | Villager (Male) |
| 3:02 | Build | Palisade Wall |
| 3:06 | Build | Palisade Wall |
| 3:11 | Create | Villager (Male) |
| 3:12 | Create | Villager (Male) |
| 3:30 | Build | House |
| 3:39 | Build | Palisade Wall |
| 3:55 | Create | Villager (Male) |
| 3:56 | Create | Villager (Male) |
| 4:17 | Build | House |
| 4:22 | Create | Villager (Male) |
| 4:53 | Build | House |
| 5:07 | Create | Villager (Male) |
| 5:07 | Create | Villager (Male) |
| 5:07 | Create | Villager (Male) |
| 5:07 | Create | Villager (Male) |
| 5:34 | Build | Mill |
| 5:43 | Create | Villager (Male) |
| 5:43 | Create | Villager (Male) |
| 5:43 | Create | Villager (Male) |
| 5:57 | Build | Mill |
| 6:15 | Create | Villager (Male) |
| 6:17 | Research | Loom |
| 6:54 | Create | Villager (Male) |
| 6:54 | Create | Villager (Male) |
| 7:01 | Build | Mining Camp |
| 7:07 | Create | Villager (Male) |
| 7:28 | Create | Villager (Male) |
| 7:48 | Create | Villager (Male) |
| 8:16 | Create | Villager (Male) |
| 8:25 | Create | Villager (Male) |
| 8:32 | Build | Farm |
| 10:00 | Research | Feudal Age |
| 10:01 | Create | Villager (Male) |
| 10:14 | Build | Farm |
| 10:15 | Build | Farm |
| 10:52 | Build | Barracks |
| 11:02 | Build | House |
| 11:05 | Build | House |
| 11:50 | Build | Palisade Wall |
| 12:10 | Age | Feudal Age |
| 12:14 | Create | Militia |
| 12:58 | Create | Militia |
| 12:58 | Create | Militia |
| 12:59 | Create | Militia |
| 13:29 | Create | Villager (Male) |
| 13:29 | Create | Villager (Male) |
| 13:30 | Create | Villager (Male) |
| 13:30 | Create | Villager (Male) |
| 13:51 | Build | Farm |
| 14:02 | Create | Villager (Male) |
| 14:03 | Create | Villager (Male) |
| 14:23 | Research | Man-at-Arms (upgrade) |
| 15:20 | Create | Villager (Male) |
| 15:20 | Create | Villager (Male) |
| 15:20 | Create | Villager (Male) |
| 15:24 | Create | Spearman |
| 15:24 | Create | Spearman |
| 15:29 | Build | Mining Camp |
| 15:34 | Create | Villager (Male) |
| 15:34 | Create | Villager (Male) |
| 15:43 | Build | Farm |
| 15:48 | Build | Market |
| 15:56 | Research | Gold Mining |
| 16:11 | Build | Palisade Wall |
| 16:17 | Build | Farm |
| 16:19 | Build | Farm |
| 16:20 | Build | Farm |
| 16:45 | Build | House |
| 16:46 | Build | House |
| 16:49 | Build | House |
| 17:11 | Research | Arson |
| 17:21 | Build | Blacksmith |
| 17:41 | Create | Villager (Male) |
| 17:41 | Create | Villager (Male) |
| 18:04 | Create | Villager (Male) |
| 18:05 | Create | Villager (Male) |
| 18:30 | Research | Stone Mining |
| 18:35 | Research | Double-Bit Axe |
| 18:39 | Research | Horse Collar |
| 18:42 | Build | Farm |
| 18:44 | Build | Farm |
| 18:48 | Build | Farm |
| 18:50 | Create | Villager (Male) |
| 19:38 | Create | Spearman |
| 19:39 | Create | Spearman |
| 19:39 | Create | Spearman |
| 19:55 | Build | Farm |
| 19:56 | Build | Farm |
| 19:58 | Build | Farm |
| 20:03 | Build | Farm |
| 20:05 | Build | Farm |
| 20:07 | Build | Farm |
| 20:15 | Create | Villager (Male) |
| 20:30 | Build | Farm |
| 20:35 | Build | Farm |
| 20:49 | Build | House |
| 20:50 | Build | House |
| 21:34 | Build | Farm |
| 21:42 | Research | Castle Age |
| 21:43 | Create | Spearman |
| 21:44 | Create | Spearman |
| 21:44 | Create | Spearman |
| 21:50 | Build | Farm |
| 21:53 | Build | Farm |
| 22:03 | Build | Lumber Camp |
| 22:08 | Create | Spearman |
| 22:08 | Create | Spearman |
| 22:34 | Build | Lumber Camp |
| 22:37 | Create | Spearman |
| 22:41 | Build | Farm |
| 22:45 | Research | Town Watch |
| 22:45 | Create | Villager (Male) |
| 22:46 | Create | Villager (Male) |
| 23:04 | Create | Militia |
| 23:05 | Create | Militia |
| 23:26 | Build | Stone Wall |
| 23:55 | Create | Militia |
| 24:11 | Create | Militia |
| 24:11 | Create | Militia |
| 24:12 | Create | Militia |
| 24:22 | Age | Castle Age |
| 24:31 | Build | Castle |
| 24:41 | Research | Long Swordsman (upgrade) |
| 24:58 | Create | Spearman |
| 24:58 | Create | Spearman |
| 25:23 | Create | Spearman |
| 25:24 | Create | Spearman |
| 25:24 | Create | Spearman |
| 26:44 | Create | Militia |
| 26:46 | Create | Woad Raider |
| 26:47 | Create | Woad Raider |
| 26:47 | Create | Woad Raider |
| 26:55 | Build | Farm |
| 27:02 | Research | Wheelbarrow |
| 27:25 | Create | Woad Raider |
| 27:25 | Create | Woad Raider |
| 27:25 | Create | Woad Raider |
| 27:50 | Create | Woad Raider |
| 27:51 | Create | Woad Raider |
| 28:03 | Create | Villager (Male) |
| 28:03 | Create | Villager (Male) |
Build order — Mobi
141 actions detected in the replay
| 0:02 | Create | Villager (Male) |
| 0:02 | Create | Villager (Male) |
| 0:03 | Create | Villager (Male) |
| 0:03 | Create | Villager (Male) |
| 0:03 | Create | Villager (Male) |
| 0:04 | Build | House |
| 0:06 | Build | House |
| 1:48 | Build | Lumber Camp |
| 1:55 | Create | Villager (Male) |
| 1:59 | Create | Villager (Male) |
| 2:37 | Create | Villager (Male) |
| 3:24 | Create | Villager (Male) |
| 3:36 | Create | Villager (Male) |
| 3:57 | Build | House |
| 4:17 | Create | Villager (Male) |
| 4:19 | Create | Villager (Male) |
| 4:45 | Create | Villager (Male) |
| 5:31 | Create | Villager (Male) |
| 5:37 | Build | Mill |
| 5:52 | Create | Villager (Male) |
| 6:24 | Create | Villager (Male) |
| 7:08 | Research | Loom |
| 7:46 | Build | Lumber Camp |
| 7:59 | Research | Feudal Age |
| 10:09 | Age | Feudal Age |
| 11:37 | Build | Building 487 |
| 11:47 | Build | Town Center |
| 12:15 | Research | Double-Bit Axe |
| 12:16 | Research | Horse Collar |
| 13:27 | Create | Villager (Male) |
| 13:28 | Create | Villager (Male) |
| 13:28 | Create | Villager (Male) |
| 13:28 | Create | Villager (Male) |
| 13:28 | Create | Villager (Male) |
| 13:28 | Create | Villager (Male) |
| 13:29 | Create | Villager (Male) |
| 13:32 | Research | Wheelbarrow |
| 14:01 | Build | Farm |
| 14:29 | Build | House |
| 14:31 | Build | House |
| 14:58 | Create | Villager (Male) |
| 15:10 | Build | House |
| 15:12 | Build | Farm |
| 15:14 | Build | Farm |
| 15:18 | Build | Farm |
| 15:20 | Build | Farm |
| 15:25 | Build | Lumber Camp |
| 15:29 | Create | Villager (Male) |
| 16:00 | Create | Villager (Male) |
| 16:04 | Build | Farm |
| 16:09 | Build | Farm |
| 16:12 | Build | Farm |
| 16:26 | Create | Villager (Male) |
| 16:29 | Build | Farm |
| 16:33 | Build | Farm |
| 16:44 | Build | Farm |
| 16:48 | Create | Villager (Male) |
| 16:54 | Build | Farm |
| 16:59 | Create | Villager (Male) |
| 17:17 | Build | Mining Camp |
| 17:19 | Create | Villager (Male) |
| 17:46 | Create | Villager (Male) |
| 17:55 | Build | Blacksmith |
| 18:06 | Create | Villager (Male) |
| 18:38 | Build | Barracks |
| 18:46 | Create | Villager (Male) |
| 19:12 | Create | Villager (Male) |
| 19:35 | Build | House |
| 20:00 | Create | Spearman |
| 20:01 | Create | Spearman |
| 20:17 | Build | Market |
| 20:19 | Create | Villager (Male) |
| 20:26 | Create | Spearman |
| 20:28 | Create | Villager (Male) |
| 20:50 | Create | Villager (Male) |
| 21:07 | Create | Spearman |
| 21:28 | Create | Villager (Male) |
| 21:36 | Build | Farm |
| 21:36 | Build | Farm |
| 21:39 | Build | Farm |
| 21:43 | Build | Farm |
| 21:51 | Build | Mill |
| 21:55 | Build | Farm |
| 21:57 | Create | Villager (Male) |
| 22:02 | Research | Fletching |
| 22:10 | Build | House |
| 22:23 | Create | Villager (Male) |
| 22:27 | Build | House |
| 22:57 | Research | Castle Age |
| 23:11 | Build | Archery Range |
| 23:23 | Build | Lumber Camp |
| 23:41 | Build | Mining Camp |
| 23:43 | Create | Villager (Male) |
| 23:44 | Create | Villager (Male) |
| 24:13 | Build | Archery Range |
| 24:28 | Research | Scale Barding Armor |
| 24:40 | Build | Stable |
| 25:24 | Build | Mining Camp |
| 25:26 | Create | Villager (Male) |
| 25:37 | Age | Castle Age |
| 25:38 | Create | Cavalry Archer |
| 25:38 | Create | Cavalry Archer |
| 25:39 | Create | Cavalry Archer |
| 25:40 | Create | Cavalry Archer |
| 25:40 | Create | Cavalry Archer |
| 25:46 | Research | Bloodlines |
| 25:47 | Research | Husbandry |
| 26:08 | Research | Bodkin Arrow |
| 26:29 | Create | Villager (Male) |
| 27:11 | Create | Villager (Male) |
| 27:14 | Create | Cavalry Archer |
| 27:14 | Create | Cavalry Archer |
| 27:25 | Create | Villager (Male) |
| 27:44 | Create | Cavalry Archer |
| 27:44 | Create | Cavalry Archer |
| 27:47 | Create | Villager (Male) |
| 27:50 | Build | Farm |
| 28:36 | Create | Villager (Male) |
| 28:40 | Research | Hand Cart |
| 28:42 | Research | Bow Saw |
| 28:45 | Research | Heavy Plow |
| 28:50 | Build | Farm |
| 28:50 | Build | Farm |
| 28:50 | Build | Farm |
| 29:19 | Build | Town Center |
| 29:24 | Create | Villager (Male) |
| 29:25 | Create | Villager (Male) |
| 29:26 | Create | Villager (Male) |
| 29:26 | Create | Villager (Male) |
| 29:32 | Build | House |
| 29:33 | Build | House |
| 29:33 | Build | House |
| 29:40 | Create | Cavalry Archer |
| 29:40 | Create | Cavalry Archer |
| 29:40 | Create | Cavalry Archer |
| 29:41 | Create | Cavalry Archer |
| 29:41 | Create | Cavalry Archer |
| 30:18 | Build | Lumber Camp |
| 30:25 | Create | Cavalry Archer |
| 30:26 | Create | Cavalry Archer |
| 30:29 | Research | Padded Archer Armor |
Build order — Raziel
89 actions detected in the replay
| 0:01 | Create | Villager (Male) |
| 0:01 | Create | Villager (Male) |
| 0:01 | Create | Villager (Male) |
| 0:02 | Build | House |
| 0:04 | Build | House |
| 0:13 | Create | Villager (Male) |
| 0:14 | Create | Villager (Male) |
| 1:48 | Create | Villager (Male) |
| 1:48 | Create | Villager (Male) |
| 2:05 | Create | Villager (Male) |
| 2:06 | Create | Villager (Male) |
| 2:33 | Create | Villager (Male) |
| 2:34 | Create | Villager (Male) |
| 2:57 | Create | Villager (Male) |
| 2:57 | Create | Villager (Male) |
| 2:57 | Create | Villager (Male) |
| 3:34 | Create | Villager (Male) |
| 3:34 | Create | Villager (Male) |
| 3:34 | Create | Villager (Male) |
| 3:37 | Build | House |
| 3:50 | Create | Villager (Male) |
| 3:50 | Create | Villager (Male) |
| 3:50 | Create | Villager (Male) |
| 5:00 | Create | Villager (Male) |
| 5:00 | Create | Villager (Male) |
| 5:00 | Create | Villager (Male) |
| 5:16 | Create | Villager (Male) |
| 5:17 | Create | Villager (Male) |
| 5:20 | Create | Villager (Male) |
| 5:21 | Create | Villager (Male) |
| 5:35 | Build | Lumber Camp |
| 6:03 | Research | Loom |
| 6:03 | Create | Villager (Male) ×5 |
| 6:04 | Create | Villager (Male) ×5 |
| 7:10 | Build | House |
| 8:37 | Build | Town Center |
| 8:46 | Build | Mill |
| 9:05 | Create | Villager (Male) |
| 9:05 | Create | Villager (Male) |
| 9:06 | Create | Villager (Male) |
| 9:06 | Create | Villager (Male) |
| 9:06 | Create | Villager (Male) |
| 9:22 | Create | Villager (Male) |
| 9:22 | Create | Villager (Male) |
| 10:40 | Create | Villager (Male) |
| 10:40 | Create | Villager (Male) |
| 10:49 | Build | House |
| 10:52 | Build | House |
| 12:14 | Build | House |
| 12:18 | Build | House |
| 12:43 | Build | Farm |
| 12:43 | Build | Farm |
| 12:43 | Build | Farm |
| 12:44 | Build | Farm |
| 12:44 | Build | Farm |
| 12:44 | Build | Farm |
| 12:44 | Build | Farm |
| 13:06 | Build | Farm |
| 13:35 | Create | Villager (Male) |
| 14:07 | Build | Farm |
| 14:10 | Research | Feudal Age |
| 14:10 | Research | Feudal Age |
| 15:10 | Build | Lumber Camp |
| 16:17 | Create | Villager (Male) ×5 |
| 16:20 | Age | Feudal Age |
| 16:29 | Build | Barracks |
| 16:57 | Build | Stable |
| 17:02 | Create | Spearman |
| 17:02 | Create | Spearman |
| 17:14 | Build | House |
| 17:16 | Build | House |
| 17:21 | Build | House |
| 17:37 | Create | Scout Cavalry |
| 18:07 | Build | Stable |
| 18:15 | Create | Scout Cavalry |
| 18:16 | Create | Scout Cavalry |
| 18:42 | Create | Scout Cavalry |
| 19:40 | Create | Villager (Male) ×5 |
| 20:10 | Build | Blacksmith |
| 20:27 | Build | Mining Camp |
| 21:46 | Create | Villager (Male) |
| 21:46 | Create | Villager (Male) |
| 21:46 | Create | Villager (Male) |
| 22:03 | Create | Scout Cavalry ×5 |
| 22:06 | Research | Scale Barding Armor |
| 22:06 | Research | Forging |
| 22:20 | Research | Bloodlines |
| 24:21 | Create | Villager (Male) ×5 |
| 25:33 | Research | Wheelbarrow |
Match timeline
| 2:05 | bengenot01 · wall_segment Palisade Wall x1 |
| 3:02 | bengenot01 · wall_segment Palisade Wall x6 |
| 3:06 | bengenot01 · wall_segment Palisade Wall x10 |
| 3:39 | bengenot01 · wall_segment Palisade Wall x1 |
| 4:03 | idiot_pineo · wall_segment Palisade Wall x8 |
| 6:01 | idiot_pineo · wall_segment Palisade Wall x5 |
| 6:05 | idiot_pineo · wall_segment Palisade Wall x9 |
| 8:42 | idiot_pineo · first_building Barracks |
| 8:49 | JAPOSAY · wall_segment Palisade Wall x1 |
| 8:50 | JAPOSAY · wall_segment Palisade Wall x1 |
| 8:50 | JAPOSAY · wall_segment Palisade Wall x1 |
| 10:00 | idiot_pineo · age_up feudal |
| 10:09 | Mobi · age_up feudal |
| 10:52 | bengenot01 · first_building Barracks |
| 11:50 | bengenot01 · wall_segment Palisade Wall x10 |
| 12:10 | bengenot01 · age_up feudal |
| 16:11 | bengenot01 · wall_segment Palisade Wall x1 |
| 16:20 | Raziel · age_up feudal |
| 16:29 | Raziel · first_building Barracks |
| 16:57 | Raziel · first_building Stable |
| 17:14 | JAPOSAY · age_up feudal |
| 17:35 | JAPOSAY · first_building Barracks |
| 17:38 | bengenot01 · tribute_sent a jugador 1 |
| 17:38 | bengenot01 · tribute_sent a jugador 2 |
| 17:38 | bengenot01 · tribute_sent a jugador 4 |
| 17:38 | bengenot01 · tribute_sent a jugador 5 |
| 17:38 | bengenot01 · tribute_sent a jugador 6 |
| 18:30 | MUSLIM · age_up feudal |
| 18:38 | Mobi · first_building Barracks |
| 21:40 | bengenot01 · first_market_buy 100 food |
| 22:21 | bengenot01 · first_market_sell 100 food |
| 22:53 | Mobi · first_market_sell 100 wood |
| 22:54 | Mobi · first_market_buy 100 food |
| 22:57 | MUSLIM · first_building Barracks |
| 23:11 | Mobi · first_building Archery Range |
| 23:26 | bengenot01 · wall_segment Stone Wall x2 |
| 23:50 | MUSLIM · first_building Stable |
| 23:53 | idiot_pineo · first_building Archery Range |
| 24:22 | bengenot01 · age_up castle |
| 24:31 | bengenot01 · first_building Castle |
| 24:40 | Mobi · first_building Stable |
| 24:50 | MUSLIM · age_up castle |
| 25:37 | Mobi · age_up castle |
| 27:13 | Raziel · resign |
| 28:32 | idiot_pineo · first_market_sell 500 stone |
| 30:42 | bengenot01 · first_building Siege Workshop |
[ AI ANALYSIS · 1 CREDIT ]
What really happened in this match?
Wolo.gg analyzes every decision: build order, eco, micro, common mistakes by bracket. Personalized analysis on WhatsApp or Discord in 30 seconds.
Civ guide
Sicilians
Map guide
Arabia
Perfil
SF PLAYER